PAA
MERCER ISLAND SCREAMING EAGLES @ SUN PRAIRIE SWALLOWS
07/02/2025
 
TOP OF THE 1ST
Mercer Island Screaming Eagles batting - Pitching for Sun Prairie Swallows : RHP Javier Luna
Pitching: RHP Javier Luna
Batting: LHB Nelson Plasenia 0-0: Called Strike
0-1: Swinging Strike
0-2: Strikes out looking
Batting: RHB Alfredo García 0-0: Called Strike
0-1: DOUBLE (Line Drive, 8LD)
Batting: LHB Miguel Pacheco 0-0: Ball
1-0: Swinging Strike
1-1: Foul Ball, location: 2F
1-2: Foul Ball, location: 2F
1-2: Ball
2-2: Foul Ball, location: 2F
2-2: Ball
3-2: Reached via error on a dropped throw, E3
Alfredo García to third
Batting: LHB Jacob Herman 0-0: Called Strike
0-1: Ball
1-1: Foul Ball, location: 2F
1-2: Foul Ball, location: 2F
1-2: Ball
2-2: SINGLE (Flyball, 7S)
Alfredo García scores
Miguel Pacheco to second
Batting: RHB Robert Paulsen 0-0: SINGLE (Flyball, 89S)
Miguel Pacheco to third
Jacob Herman to second
Runner from 3rd tries for Home, throw and OUT!
Jacob Herman to third
Robert Paulsen to second
Batting: SHB Jorge Velázquez 0-0: DOUBLE (Flyball, 78XD)
Jacob Herman scores
Robert Paulsen scores
Batting: RHB Eduardo Rivera 0-0: Ball
1-0: Ball
2-0: Ball
3-0: Base on Balls
Batting: SHB León Estrada 0-0: Ball
1-0: Ball
2-0: Foul Ball, location: 2F
2-1: Ball
3-1: Foul Ball, location: 2F
3-2: SINGLE (Groundball, 6M) (infield hit)
Jorge Velázquez to third
Eduardo Rivera to second
Batting: LHB Raúl Zamora 0-0: Called Strike
0-1: Ground out U3 (Groundball, 3L)
Top of the 1st over - 3 run(s), 5 hit(s), 1 error(s), 3 left on base; Mercer Island 3 - Sun Prairie 0
BOTTOM OF THE 1ST
Sun Prairie Swallows batting - Pitching for Mercer Island Screaming Eagles : RHP Fernando Reyna
Pitching: RHP Fernando Reyna
Batting: RHB José Silva 0-0: Fly out, F7 (Line Drive, 7)
Batting: RHB Ghislain Vespucci 0-0: Ground out 4-3 (Groundball, 4)
Batting: LHB Jorge Borbón 0-0: Called Strike
0-1: Ball
1-1: Ball
2-1: Ball
3-1: Base on Balls
Batting: RHB Luis Hernández 0-0: Foul Ball, location: 2F
0-1: Ball
1-1: Swinging Strike
1-2: Ball
2-2: DOUBLE (Flyball, 89D)
Jorge Borbón to third
Runner from 3rd tries for Home, SAFE, throw made home
Batting: LHB Carlos Garza 0-0: Foul Ball, location: 2F
0-1: Ball
1-1: Swinging Strike
1-2: Ball
2-2: Ball
3-2: Foul Ball, location: 2F
3-2: Fly out, F7 (Flyball, 78M)
Bottom of the 1st over - 1 run(s), 1 hit(s), 0 error(s), 1 left on base; Mercer Island 3 - Sun Prairie 1
TOP OF THE 2ND
Mercer Island Screaming Eagles batting - Pitching for Sun Prairie Swallows : RHP Javier Luna
Batting: LHB Nelson Plasenia 0-0: Ball
1-0: Ball
2-0: Ball
3-0: Base on Balls
Batting: RHB Alfredo García 0-0: Ball
1-0: Foul Ball, location: 2F
1-1: Ball
2-1: Ball
3-1: Base on Balls
Nelson Plasenia to second
Batting: LHB Miguel Pacheco 0-0: Ball
1-0: Called Strike
1-1: Grounds into double play, 4-6-3 (Groundball, 34)
Nelson Plasenia to third
Batting: LHB Jacob Herman 0-0: Called Strike
0-1: Ball
1-1: Ball
2-1: Fly out, F8 (Flyball, 78D)
Top of the 2nd over - 0 run(s), 0 hit(s), 0 error(s), 1 left on base; Mercer Island 3 - Sun Prairie 1
BOTTOM OF THE 2ND
Sun Prairie Swallows batting - Pitching for Mercer Island Screaming Eagles : RHP Fernando Reyna
Batting: RHB José Sánchez 0-0: Fly out, F6 (Line Drive, 6)
Batting: RHB Matías Torrella 0-0: Ball
1-0: Ball
2-0: Fly out, F5 (Line Drive, 56)
Batting: RHB Dan Hart 0-0: Called Strike
0-1: Ball
1-1: Foul Ball, location: 2F
1-2: Strikes out looking
Bottom of the 2nd over - 0 run(s), 0 hit(s), 0 error(s), 0 left on base; Mercer Island 3 - Sun Prairie 1
TOP OF THE 3RD
Mercer Island Screaming Eagles batting - Pitching for Sun Prairie Swallows : RHP Javier Luna
Batting: RHB Robert Paulsen 0-0: Foul Ball, location: 2F
0-1: Ball
1-1: Foul Ball, location: 2F
1-2: Ball
2-2: SINGLE (Line Drive, 78S)
Batting: SHB Jorge Velázquez 0-0: Ball
1-0: Ball
2-0: Swinging Strike
2-1: Foul Ball, location: 2F
2-2: Grounds into double play, 6-4-3 (Groundball, 6D)
Batting: RHB Eduardo Rivera 0-0: Called Strike
0-1: Foul Ball, location: 2F
0-2: Foul Ball, location: 2F
0-2: Ball
1-2: Fly out, F9 (Flyball, 89S)
Top of the 3rd over - 0 run(s), 1 hit(s), 0 error(s), 0 left on base; Mercer Island 3 - Sun Prairie 1
BOTTOM OF THE 3RD
Sun Prairie Swallows batting - Pitching for Mercer Island Screaming Eagles : RHP Fernando Reyna
Batting: RHB Darby Carveth 0-0: Ball
1-0: Called Strike
1-1: Ball
2-1: Foul Ball, location: 2F
2-2: Ball
3-2: Foul Ball, location: 2F
3-2: Strikes out swinging
Batting: RHB José Silva 0-0: Ball
1-0: Ball
2-0: Called Strike
2-1: Called Strike
2-2: Ground out 6-3 (Groundball, 6S)
Batting: RHB Ghislain Vespucci 0-0: Ball
1-0: Ball
2-0: SINGLE (Groundball, 4MD)
Batting: LHB Jorge Borbón 0-0: DOUBLE (Line Drive, 9D)
Ghislain Vespucci to third
Batting: RHB Luis Hernández 0-0: Ball
1-0: Fly out, F9 (Flyball, 89M)
Bottom of the 3rd over - 0 run(s), 2 hit(s), 0 error(s), 2 left on base; Mercer Island 3 - Sun Prairie 1
TOP OF THE 4TH
Mercer Island Screaming Eagles batting - Pitching for Sun Prairie Swallows : RHP Javier Luna
Batting: SHB León Estrada 0-0: Called Strike
0-1: Ball
1-1: Ball
2-1: Foul Ball, location: 2F
2-2: Ball
3-2: Base on Balls
Batting: LHB Raúl Zamora 0-0: Called Strike
0-1: Foul Ball, location: 2F
0-2: Grounds into double play, 4-6-3 (Groundball, 4)
Batting: LHB Nelson Plasenia 0-0: Called Strike
0-1: Ball
1-1: Called Strike
1-2: Strikes out swinging
Top of the 4th over - 0 run(s), 0 hit(s), 0 error(s), 0 left on base; Mercer Island 3 - Sun Prairie 1
BOTTOM OF THE 4TH
Sun Prairie Swallows batting - Pitching for Mercer Island Screaming Eagles : RHP Fernando Reyna
Batting: LHB Carlos Garza 0-0: Ball
1-0: Called Strike
1-1: Foul Ball, location: 2F
1-2: Ball
2-2: Ball
3-2: SINGLE (Groundball, 34D)
Batting: RHB José Sánchez 0-0: Ball
1-0: Ball
2-0: DOUBLE (Flyball, 8RXD)
Carlos Garza to third
Runner from 3rd tries for Home, SAFE, no throw
Batting: RHB Matías Torrella 0-0: Ground out 5-3 (Groundball, 25)
José Sánchez to third
Batting: RHB Dan Hart 0-0: Foul Ball, location: 2F
0-1: Ball
1-1: Foul Ball, location: 2F
1-2: SINGLE (Line Drive, 4D)
José Sánchez scores
Batting: RHB Darby Carveth 0-0: Called Strike
Dan Hart is caught stealing 2nd base
0-1: Ball
1-1: Fly out, F8 (Flyball, 8RM)
Bottom of the 4th over - 2 run(s), 3 hit(s), 0 error(s), 0 left on base; Mercer Island 3 - Sun Prairie 3
TOP OF THE 5TH
Mercer Island Screaming Eagles batting - Pitching for Sun Prairie Swallows : RHP Javier Luna
Batting: RHB Alfredo García 0-0: Ball
1-0: Swinging Strike
1-1: Ball
2-1: Ball
3-1: Bunt missed!
3-2: Strikes out swinging
Batting: LHB Miguel Pacheco 0-0: Ball
1-0: Ball
2-0: Foul Ball, location: 2F
2-1: Ball
3-1: Base on Balls
Batting: LHB Jacob Herman 0-0: SINGLE (Groundball, 34) (infield hit)
Miguel Pacheco to second
Batting: RHB Robert Paulsen 0-0: Called Strike
0-1: Foul Ball, location: 2F
0-2: Grounds into double play, 1-6-3 (Groundball, P)
Top of the 5th over - 0 run(s), 1 hit(s), 0 error(s), 1 left on base; Mercer Island 3 - Sun Prairie 3
BOTTOM OF THE 5TH
Sun Prairie Swallows batting - Pitching for Mercer Island Screaming Eagles : RHP Fernando Reyna
Batting: RHB José Silva 0-0: Swinging Strike
0-1: Called Strike
0-2: Strikes out swinging
Batting: RHB Ghislain Vespucci 0-0: Ball
1-0: Ground out 6-3 (Groundball, 6)
Batting: LHB Jorge Borbón 0-0: Ball
1-0: Ball
2-0: Ball
3-0: Base on Balls
Batting: RHB Luis Hernández 0-0: DOUBLE (Flyball, 78M)
Jorge Borbón to third
Batting: LHB Carlos Garza 0-0: Intentional Walk
Batting: RHB José Sánchez 0-0: Swinging Strike
0-1: Ball
1-1: Fielders Choice at 2nd, 5-4 (Groundball, 56)
Bottom of the 5th over - 0 run(s), 1 hit(s), 0 error(s), 2 left on base; Mercer Island 3 - Sun Prairie 3
TOP OF THE 6TH
Mercer Island Screaming Eagles batting - Pitching for Sun Prairie Swallows : RHP Javier Luna
Batting: SHB Jorge Velázquez 0-0: Ground out 6-3 (Groundball, 6M)
Batting: RHB Eduardo Rivera 0-0: Ball
1-0: Ball
2-0: Foul Ball, location: 2F
2-1: Ball
3-1: Foul Ball, location: 2F
3-2: Fly out, F4 (Popup, 34)
Batting: SHB León Estrada 0-0: Fly out, F7 (Flyball, 7S)
Top of the 6th over - 0 run(s), 0 hit(s), 0 error(s), 0 left on base; Mercer Island 3 - Sun Prairie 3
BOTTOM OF THE 6TH
Sun Prairie Swallows batting - Pitching for Mercer Island Screaming Eagles : RHP Fernando Reyna
Batting: RHB Matías Torrella 0-0: Ball
1-0: Swinging Strike
1-1: Foul Ball, location: 2F
1-2: Strikes out swinging
Batting: RHB Dan Hart 0-0: Ball
1-0: SINGLE (Groundball, 34D)
Batting: RHB Darby Carveth 0-0: Called Strike
0-1: Ball
1-1: Ball
2-1: Swinging Strike
Dan Hart is caught stealing 2nd base
2-2: Foul Ball, location: 2F
2-2: TRIPLE (Line Drive, 9LM)
Batting: RHB José Silva 0-0: Called Strike
0-1: Ground out 5-3 (Groundball, 56S)
Bottom of the 6th over - 0 run(s), 2 hit(s), 0 error(s), 1 left on base; Mercer Island 3 - Sun Prairie 3
TOP OF THE 7TH
Mercer Island Screaming Eagles batting - Pitching for Sun Prairie Swallows : RHP Javier Luna
Batting: LHB Raúl Zamora 0-0: Ball
1-0: Ball
2-0: Ground out 3-1 (Groundball, 34)
Batting: LHB Nelson Plasenia 0-0: Ball
1-0: Fly out, F7 (Flyball, 78D)
Batting: RHB Alfredo García 0-0: Called Strike
0-1: Foul Ball, location: 2F
0-2: Ball
1-2: SINGLE (Groundball, 4MD)
Batting: LHB Miguel Pacheco 0-0: Called Strike
0-1: Fly out, F7 (Flyball, 78S)
Top of the 7th over - 0 run(s), 1 hit(s), 0 error(s), 1 left on base; Mercer Island 3 - Sun Prairie 3
BOTTOM OF THE 7TH
Sun Prairie Swallows batting - Pitching for Mercer Island Screaming Eagles : RHP Fernando Reyna
Batting: RHB Ghislain Vespucci 0-0: Ground out 6-3 (Groundball, 6)
Batting: LHB Jorge Borbón 0-0: Called Strike
0-1: Called Strike
0-2: Ball
1-2: Ball
2-2: Foul Ball, location: 2F
2-2: Ball
3-2: SINGLE (Line Drive, 78M)
Batting: RHB Luis Hernández 0-0: Ball
1-0: Swinging Strike
1-1: Grounds into double play, 6-4-3 (Groundball, 6)
Bottom of the 7th over - 0 run(s), 1 hit(s), 0 error(s), 0 left on base; Mercer Island 3 - Sun Prairie 3
TOP OF THE 8TH
Mercer Island Screaming Eagles batting - Pitching for Sun Prairie Swallows : RHP Javier Luna
Batting: LHB Jacob Herman 0-0: Ball
1-0: Ball
2-0: Foul Ball, location: 2F
2-1: Ball
3-1: Swinging Strike
3-2: Foul Ball, location: 2F
3-2: SINGLE (Groundball, 4MD)
Pinch Hitting: LHB Jim Unknown 0-0: Ball
1-0: Called Strike
1-1: Ball
Jacob Herman is caught stealing 2nd base
2-1: Ball
3-1: Called Strike
3-2: Base on Balls
Pitching: RHP Josh Parker
Pinch Hitting: RHB Vincente Flores 0-0: SINGLE (Line Drive, 8RS)
Jim Unknown to second
Runner from 2nd tries for 3rd, SAFE, throw made to third
Vincente Flores to second
Pinch Hitting: RHB Leonardo Ramírez 0-0: Intentional Walk
Pinch Hitting: RHB Marcos Reyes 0-0: Called Strike
0-1: Ball
Passed Ball!
Jim Unknown scores
Vincente Flores to third
Leonardo Ramírez to second
1-1: Ball
2-1: Foul Ball, location: 2F
2-2: Ball
3-2: Ground out 1-3 (Groundball, P)
Batting: LHB Raúl Zamora 0-0: Fly out, F7 (Flyball, 7)
Top of the 8th over - 1 run(s), 2 hit(s), 0 error(s), 2 left on base; Mercer Island 4 - Sun Prairie 3
BOTTOM OF THE 8TH
Sun Prairie Swallows batting - Pitching for Mercer Island Screaming Eagles : RHP Fernando Reyna
Now at C: Vincente Flores
Now at 2B: Edgar García
Now at SS: Gerjan de Best
Now in RF: Jim Unknown
Batting: LHB Carlos Garza 0-0: Ball
1-0: Fly out, F8 (Flyball, 8LM)
Batting: RHB José Sánchez 0-0: Called Strike
0-1: SINGLE (Line Drive, 89S)
Pitching: RHP Greg Davis
Batting: RHB Matías Torrella 0-0: Ball
1-0: Called Strike
1-1: Ball
2-1: Ball
3-1: Foul Ball, location: 2F
3-2: Strikes out swinging
Pitching: RHP Pedro Álvarez
Pinch Hitting: RHB Scott Forrest 0-0: Ball
1-0: Ball
2-0: Ball
3-0: Called Strike
3-1: Foul Ball, location: 2F
3-2: Foul Ball, location: 2F
3-2: Base on Balls
José Sánchez to second
Batting: RHB Darby Carveth 0-0: Ball
1-0: Foul Ball, location: 2F
1-1: Ball
2-1: Fielders Choice at 2nd, 6-4 (Groundball, 6)
Bottom of the 8th over - 0 run(s), 1 hit(s), 0 error(s), 1 left on base; Mercer Island 4 - Sun Prairie 3
TOP OF THE 9TH
Mercer Island Screaming Eagles batting - Pitching for Sun Prairie Swallows : RHP Josh Parker
Pitching: RHP Kyle MacRae
Now at 3B: Bob Wilson
Batting: LHB Nelson Plasenia 0-0: Ball
1-0: Ball
2-0: Called Strike
2-1: Ground out U3 (Groundball, 3)
Batting: RHB Alfredo García 0-0: Called Strike
0-1: Called Strike
0-2: Ground out 6-3 (Groundball, 6)
Batting: LHB Miguel Pacheco 0-0: Ball
1-0: Fly out, F7 (Flyball, 78M)
Top of the 9th over - 0 run(s), 0 hit(s), 0 error(s), 0 left on base; Mercer Island 4 - Sun Prairie 3
BOTTOM OF THE 9TH
Sun Prairie Swallows batting - Pitching for Mercer Island Screaming Eagles : RHP Pedro Álvarez
Pitching: LHP José Sánchez
Batting: RHB José Silva 0-0: Called Strike
0-1: Ball
1-1: Ball
2-1: Swinging Strike
2-2: Strikes out looking
Batting: RHB Ghislain Vespucci 0-0: Ground out 4-3 (Groundball, 4M)
Batting: LHB Jorge Borbón 0-0: Called Strike
0-1: Called Strike
0-2: Strikes out swinging
Bottom of the 9th over - 0 run(s), 0 hit(s), 0 error(s), 0 left on base; Mercer Island 4 - Sun Prairie 3
Friday, December 30th, 2016 - OOTP Baseball 17.12 Build 75